 Dungeon Crawl Stone Soup version 0.29-a0-96-g93358da72b (webtiles) character file.

Game seed: 15591713851013294950

76 cyrus the Magician (level 4, -3/31 HPs)
             Began as a Djinni Summoner on Feb 11, 2022.
             Was a Follower of Makhleb.
             Frozen to death by an endoplasm (6 damage)
             ... on level 2 of the Dungeon.
             The game lasted 00:07:35 (3188 turns).

cyrus the Magician (Djinni Summoner)                Turns: 3188, Time: 00:07:35

Health: -3/31      AC:  2    Str:  7    XL:     4   Next: 57%
Gold:   76         EV: 12    Int: 18    God:    Makhleb [*.....] SH:  0 Dex: 14

rFire   + + .      SeeInvis .   b - +2 short sword (venom)
rCold   x . .      Faith    .   i - orb {*Rage}
rNeg    . . .      Spirit   .   a - +0 robe
rPois   ∞          Reflect  .   (no helmet)
rElec   .          Harm     .   (no cloak)
rCorr   .          Rampage  .   (no gloves)
Will    .....      Rage     20% (boots unavailable)
Stlth   ++........              (no amulet)
HPRegen 0.10/turn               (no ring)
MPRegen 0.00/turn               (no ring)

@: on berserk cooldown, flying, slowed, very slow
A: sickness immunity, fire resistance 2, cold vulnerability 1, float, innate
caster, HP casting, extra vitality 1
a: Renounce Religion


You were on level 2 of the Dungeon.
You worshipped Makhleb.
Makhleb was aware of your devotion.
You visited 1 branch of the dungeon, and saw 2 of its levels.

You collected 76 gold pieces.

Inventory:

Hand Weapons
 b - a +2 short sword of venom (weapon)
Armour
 a - a +0 robe (worn)
 i - an orb of wrath (worn)
Scrolls
 c - a scroll of fog {unknown}
 f - a scroll of silence {unknown}
 g - a scroll of enchant armour {unknown}
 h - a scroll of enchant weapon {unknown}
Potions
 d - a potion of attraction {unknown}
 e - a potion of heal wounds {unknown}


   Skills:
 + Level 0.7 Fighting
 + Level 1.0 Short Blades
 + Level 2.6 Dodging
 + Level 1.9 Stealth
 + Level 4.0 Spellcasting


You couldn't memorise any spells.
You knew the following spells:

 Your Spells              Type           Power      Damage    Failure   Level
a - Summon Small Mammal   Summ           72%        N/A       2%          1
b - Call Imp              Summ           18%        N/A       4%          2
c - Call Canine Familiar  Summ           18%        N/A       9%          3
d - Summon Guardian Gole  Hex/Summ       18%        N/A       9%          3
e - Summon Lightning Spi  Summ/Air       18%        N/A       28%         4
f - Shock                 Conj/Air       72%        1d7       2%          1
Your spell library was empty.

Dungeon Overview and Level Annotations

Branches:
Dungeon (2/15)

Altars:
Makhleb


Innate Abilities, Weirdness & Mutations

You are immune to sickness and miasma.
You are immune to poison.
Your flesh is very heat resistant. (rF++)
You are vulnerable to cold. (rC-)
You float through the air rather than walking.
You learn spells naturally, not from books.
Your magical power is your life essence.
You have superior vitality. (+4 MHP)


Message History

You kill the gnoll!
Makhleb accepts your kill.
You feel better.
Your quokka bites the gnoll but does no damage.
The endoplasm hits your quokka. The gnoll misses your quokka.
Your Spellcasting skill increases to level 4!
Your quokka closely misses the gnoll.
Things that are here:
a +0 halberd; a throwing net; a gnoll corpse You feel a strong urge to attack something.
The gnoll hits your quokka but does no damage.
The endoplasm hits your quokka.
Your quokka bites the gnoll.
You see here a +0 club.
You are no longer berserk.
You are exhausted.
You feel yourself slow down.
The endoplasm closely misses your crimson imp.
The gnoll misses your crimson imp.
Your crimson imp disappears in a puff of smoke!
Your quokka bites the gnoll. x2
The gnoll hits your quokka with a +0 club.
Your quokka dies!
Your quokka's corpse disappears in a puff of smoke!
You see here a rat corpse.
Casting: Summon Small Mammal (safe; 2% risk of failure)
Confirm with . or Enter, or press ? or * to list all spells.
* * * LOW HITPOINT WARNING * * *
The gnoll hits your rat with a +0 club.
Your rat dies!
Your rat's corpse disappears in a puff of smoke!
The endoplasm barely misses you.
Casting: Summon Small Mammal (safe; 2% risk of failure)
Confirm with . or Enter, or press ? or * to list all spells.
* * * LOW HITPOINT WARNING * * *
The endoplasm freezes you.
You are frozen.
* * * LOW HITPOINT WARNING * * *
The endoplasm freezes you.
You are frozen.
You feel a terrible chill!
You die...

#..#.. #..###
#.)# #.)#
#÷.####..
#.........
#g#####..# #J#
..# ##### #@#
... ..... #.#
#.# ###### #b#
#.# #..†.. #.#
#.# #.####
#.######.####.#
#.............#
########..###.#
##÷# #.# #.#
#.#


You could see a gnoll, an endoplasm (ally target) and a friendly bat (summoned).

Vanquished Creatures
  An adder (D:2)
  2 gnolls (D:2)
  A worm (D:2)
  3 dart slugs (D:1)
  4 endoplasms (D:1)
  4 goblins
  3 hobgoblins
  A kobold (D:2)
  5 quokkas
  3 ball pythons
  2 bats
  A frilled lizard (D:1)
  4 rats (D:1)
34 creatures vanquished.

Vanquished Creatures (collateral kills)
  2 quokkas
  2 rats (D:2)
4 creatures vanquished.

Grand Total: 38 creatures vanquished

Notes
Turn   | Place    | Note
-------+----------+-------------------------------------------
     0 | D:1      | cyrus the Djinni Summoner began the quest for the Orb.
     0 | D:1      | Reached XP level 1. HP: 15/15 MP: 0/0
   274 | D:1      | Found a faded altar of an unknown god.
   283 | D:1      | Reached XP level 2. HP: 19/21 MP: 0/0
   294 | D:1      | Prayed at the altar of an unknown god.
   294 | D:1      | Became a worshipper of Makhleb the Destroyer
   294 | D:1      | Reached * piety under Makhleb
   870 | D:1      | Reached XP level 3. HP: 24/25 MP: 0/0
   870 | D:1      | Learned a level 1 spell: Shock
  2502 | D:2      | Reached XP level 4. HP: 17/31 MP: 0/0
  3177 | D:2      | Reached skill level 1 in Short Blades
  3179 | D:2      | Reached skill level 4 in Spellcasting
  3188 | D:2      | Frozen to death by an endoplasm

Illustrated notes

Levels and vault maps discovered:
D:1:      dpeg_arrival_snail, layout_loops_corners, basic_ecumenical_altar
D:2:      layout_loops_ring, hex_tiny

Skill      XL: |  1  2  3  4 |
---------------+-------------+-----
Short Blades   | 1 |  1.0
Spellcasting   | 4 |  4.0
Fighting       | |  0.7
Dodging        | |  2.6
Stealth        | |  1.9

Action                   |  1- 3 |  4- 6 || total
-------------------------+-------+-------++-------
Melee: Short sword       |    82 |    12 ||    94
       Punch             |     1 |       ||     1
 Cast: Summon Small Mamm |    11 |     4 ||    15
       Call Imp          |    13 |     3 ||    16
 Stab: Sleeping          |     3 |       ||     3
Armor: Robe              |    23 |       ||    23
Dodge: Dodged            |    54 |     8 ||    62

Table legend: (Time is in decaauts)
 A = Elapsed time spent in this place.
 B = Non-inter-level travel time spent in this place.
 C = Inter-level travel time spent in this place.
 D = Time resting spent in this place.
 E = Time spent auto-exploring this place.
 F = Levels seen in this place.
 G = Mean time per level.
                   A        B        C        D        E       F      G
               +--------+--------+--------+--------+--------+-----+--------+
         Total |   3225 |   3174 |     51 |   1448 |   1225 |   2 | 1612.5 |
       Dungeon |   3225 |   3174 |     51 |   1448 |   1225 |   2 | 1612.5 |
               +--------+--------+--------+--------+--------+-----+--------+

Top non-repeatable levels by time:
     D:1: 1981 daAuts
     D:2: 1243 daAuts
